 Dungeon Crawl Stone Soup version 0.23-b1-49-g13d5857 (webtiles) character file.

Game seed: 4122500265489073190

95234 Gergoth the Thaumaturge (level 15, -10/115 HPs)
             Began as a Mummy Fire Elementalist on Feb 3, 2019.
             Was the Champion of Vehumet.
             Mangled by a merfolk impaler
             ... wielding a +2 trident of piercing
              (32 damage)
             ... on level 4 of the Lair of Beasts on Feb 4, 2019.
             The game lasted 01:32:24 (32297 turns).

Gergoth the Thaumaturge (Mummy Fire Elementalist)  Turns: 32297, Time: 01:32:25

Health: -10/115    AC: 16    Str: 16    XL:     15   Next: 65%
Magic:  35/40      EV: 18    Int: 21    God:    Vehumet [******]
Gold:   1252       SH:  5    Dex: 16    Spells: 5/38 levels left

rFire    . . .     SeeInvis .   z - +4 rapier of Patience {freeze, *Noise rC+ MP+9 Dex+4}
rCold    + + +     Gourm    .   d - +0 buckler
rNeg     + + +     Faith    .   N - +2 robe {rF+}
rPois    ∞         Spirit   .   J - +2 helmet
rElec    +         Reflect  .   v - +2 cloak
rCorr    .         Harm     .   h - +1 pair of gloves
MR       +++..                  x - +1 pair of boots
Stlth    ++........             u - amulet of regeneration
HPRegen  0.69/turn              E - ring of protection from fire
MPRegen  0.27/turn              F - ring "Vemud" {Ice *Contam rElec MR++ Str+4}

@: about to teleport
A: no food or potions, fire vulnerability, cold resistance 1, negative energy
resistance 3, torment resistance, unbreathing, in touch with death 1
a: Renounce Religion


You were on level 4 of the Lair of Beasts.
You worshipped Vehumet.
Vehumet was exalted by your worship.
You were not hungry.

You visited 5 branches of the dungeon, and saw 25 of its levels.
You also visited: Sewer and Ice Cave.

You collected 1954 gold pieces.
You spent 702 gold pieces at shops.

Inventory:

Hand Weapons
 n - a +2 whip of flaming
 q - the +8 flail of Blood {speed, +Inv +Fly Str-5 Stlth-}
   (You found it on level 5 of the Dungeon)

   Attacks with this weapon are significantly faster.
   It affects your strength (-5).
   It lets you turn invisible.
   It lets you fly.
   It makes you less stealthy.
 s - a +0 morningstar
 z - the +4 rapier of Patience (weapon) {freeze, *Noise rC+ MP+9 Dex+4}
   (You took it off a naga on level 2 of the Lair of Beasts)

   It has been specially enchanted to freeze those struck by it, causing extra
   injury to most foes and up to half again as much damage against particularly
   susceptible opponents.
   It can also slow down cold-blooded creatures.
   It affects your dexterity (+4).
   It protects you from cold.
   It affects your magic capacity (+9).
   It may make noises in combat.
Missiles
 f - 9 throwing nets (quivered)
 g - 151 sling bullets
Armour
 a - a +0 troll leather armour
 d - a +0 buckler (worn)
 h - a +1 pair of gloves (worn)
 t - a +2 shield of protection
 v - a +2 cloak (worn)
 x - a +1 pair of boots (worn)
 y - the +8 chain mail of the Cicada {rCorr Dex-5 Slay+3}
   (You found it on level 8 of the Dungeon)

   It affects your dexterity (-5).
   It affects your accuracy and damage with ranged weapons and melee attacks
   (+3).
   It provides partial protection from all sources of acid and corrosion.
 J - a +2 helmet (worn)
 N - a +2 robe of fire resistance (worn)
Jewellery
 u - an amulet of regeneration (around neck)
 E - a ring of protection from fire (left hand)
 F - the ring "Vemud" (right hand) {Ice *Contam rElec MR++ Str+4}
   (You took it off a necromancer in an ice cave)

   [ring of ice]

   It enhances your ice magic.
   It affects your strength (+4).
   It makes you vulnerable to fire.
   It protects you from cold.
   It insulates you from electricity.
   It affects your resistance to hostile enchantments.
   It causes magical contamination when unequipped.
 H - a +5 ring of intelligence {unknown}
 I - a cursed ring of attention {unknown}
 K - an uncursed ring of flight {unknown}
 L - a +5 ring of dexterity {unknown}
Wands
 e - a wand of flame (26)
 k - a wand of paralysis (11)
 m - a wand of random effects (17)
 o - a wand of iceblast (37)
 B - a wand of enslavement (7)
 D - a wand of acid (27)
 M - a wand of disintegration (3)
Scrolls
 b - 13 scrolls of remove curse
 c - 2 scrolls of torment
 i - 5 scrolls of teleportation
 j - a scroll of magic mapping
 l - 10 scrolls of identify
 p - 5 scrolls of amnesia
 r - 3 scrolls of immolation
 w - a scroll of enchant weapon {unknown}
 A - a scroll of fog {unknown}
 C - a scroll of vulnerability {unknown}
 G - a scroll of enchant armour


   Skills:
 - Level 10.0 Fighting
 + Level 8.7 Armour
 + Level 9.0 Dodging
 - Level 1.5 Stealth
 - Level 4.0 Shields
 - Level 12.0 Spellcasting
 - Level 8.0 Conjurations
 - Level 12.0 Necromancy
 - Level 8.0 Fire Magic
 - Level 8.0 Earth Magic


You had 5 spell levels left.
You knew the following spells:

 Your Spells              Type           Power        Failure   Level  Hunger
a - Flame Tongue          Conj/Fire      #####        1%          1    N/A
b - Conjure Flame         Conj/Fire      #####...     1%          3    N/A
c - Sticky Flame          Conj/Fire      #####...     1%          4    N/A
d - Fireball              Conj/Fire      #####.....   1%          5    N/A
e - Animate Dead          Necr           N/A          1%          4    N/A
f - Borgnjor's Vile Clut  Necr/Erth      ######....   2%          5    N/A
g - Death Channel         Necr           #######...   6%          6    N/A
h - Yara's Violent Unrav  Hex/Tmut       ##........   34%         5    N/A

Your spell library contained the following spells:

 Spells                   Type           Power        Failure   Level  Hunger
 Conjure Ball Lightning   Conj/Air       ####......   36%         6    N/A
 Freeze                   Ice            ###.         1%          1    N/A
 Passwall                 Tmut/Erth      ####....     1%          2    N/A
 Throw Flame              Conj/Fire      #####.       1%          2    N/A
 Throw Frost              Conj/Ice       #####.       1%          2    N/A
 Inner Flame              Hex/Fire       ####....     1%          3    N/A
 Lee's Rapid Deconstruct  Erth           #####.....   1%          5    N/A
 Throw Icicle             Conj/Ice       #####...     2%          4    N/A
 Infusion                 Chrm           ##..         5%          1    N/A
 Ensorcelled Hibernation  Hex/Ice        ###...       8%          2    N/A
 Shroud of Golubria       Chrm/Tloc      ##........   8%          2    N/A
 Song of Slaying          Chrm           ##......     8%          2    N/A
 Swiftness                Chrm/Air       ##......     8%          2    N/A
 Ozocubu's Armour         Chrm/Ice       ###.....     16%         3    N/A
 Recall                   Summ/Tloc      N/A          16%         3    N/A
 Spectral Weapon          Hex/Chrm       ##......     16%         3    N/A
 Passage of Golubria      Tloc           N/A          45%         4    N/A
 Summon Ice Beast         Ice/Summ       ###.....     45%         4    N/A
 Metabolic Englaciation   Hex/Ice        ###.......   82%         5    N/A
 Silence                  Hex/Air        ##........   82%         5    N/A
 Bolt of Cold             Conj/Ice       #####.....   36%         6    N/A
 Freezing Cloud           Conj/Ice/Air   #####.....   54%         6    N/A
 Simulacrum               Ice/Necr       ######....   56%         6    N/A
 Ozocubu's Refrigeration  Ice            ###.......   86%         6    N/A
 Darkness                 Hex            ##........   100%        6    N/A
 Invisibility             Hex            ##......     100%        6    N/A
 Shadow Creatures         Summ           N/A          100%        6    N/A
 Regeneration             Chrm/Necr      Unusable     N/A         3    N/A
 Ice Form                 Ice/Tmut       Unusable     N/A         4    N/A

Dungeon Overview and Level Annotations

Branches:
Dungeon (15/15)            Temple (1/1) D:6            Lair (6/6) D:8
 Shoals (1/4) Lair:4        Snake (0/4) Lair:2        Slime (0/5) Lair:5
    Orc (2/2) D:12            Elf (0/3) Orc:2        Vaults (0/5) D:13
 Depths (0/5) D:15

Altars:
Cheibriados
Dithmenos
Elyvilon
Fedhas
Gozag
Hepliaklqana
Kikubaaqudgha
Makhleb
Nemelex Xobeh
Okawaru
Qazlal
Uskayaw
Vehumet
Wu Jian
Xom
Yredelemnul
Zin
The Shining One
Beogh

Shops:
D:7 ?   D:10 !   D:14 (   Orc:2 (=%(}

Portals:
Trove: D:15 (give +7 demon blade)

Annotations:
D:12 4 runed translucent doors
D:13 Frances
Orc:2 3 runed translucent doors, lapinsky's ghost, journeyman HOFi


Innate Abilities, Weirdness & Mutations

You do not eat or drink.
Your flesh is vulnerable to fire.
You are immune to poison.
Your flesh is cold resistant. (rC+)
You are immune to negative energy. (rN+++)
You are immune to unholy pain and torment.
You can survive without breathing.
You are in touch with the powers of death.


Message History

The merfolk impaler hits you from afar with a +3 demon trident of flaming!!
The merfolk impaler burns you!
You climb upwards.
Welcome back to the Lair of Beasts!
There is a staircase to the Shoals here.
Unknown command.
As you read the scroll of teleportation, it crumbles to dust.
You feel strangely unstable. You block the merfolk impaler's attack.
The merfolk impaler hits you with a +2 trident of piercing!!
* * * LOW HITPOINT WARNING * * *
x2
Casting: Sticky Flame (safe; 1% risk of failure)
Confirm with . or Enter, or press ? or * to list all spells.
Aiming: Borgnjor's Vile Clutch (safe; 2% risk of failure)
Press: ? - help, Dir - move target cursor, f - merfolk impaler
Aim: a merfolk impaler, wielding a +2 trident of piercing and wearing a +0 robe You feel a surge of power!
Decaying hands burst forth from the earth!
Zombie hands grab the merfolk impaler.
The zombie hands constrict the merfolk impaler.
The merfolk impaler hits you with a +2 trident of piercing!!
You die...

###...##.!....# #..P....#
#...####..P.P# ##.P.[#.##
##..# ##....#######.....#
#..## #..####≈≈≈≈≈###'..#
##.P# #..#≈≈≈#≈≈≈#≈≈≈#.##
#..###..#≈≈≈#≈≈≈#≈≈≈#..#
####..##..#≈≈≈#####≈≈≈#.##
...##..##.####'≈≈÷#####.##
.......##...#≈≈≈@≈≈≈#....#
......##..#####≈m)'####.##
8...#.##..#≈≈≈#####≈≈≈#.#
.......##.#≈≈≈#≈)≈#≈≈≈#.#
#.#.#.##..#≈≈≈#≈≈≈#≈≈≈#.#
...##.....'###≈≈≈≈≈####.#
##.##.##..†..#######....#
.#.....................##
##..#########.#..##.#..#


You could see a merfolk impaler.

Vanquished Creatures
  Snorg (Orc:2)
  Josephine (D:13)
  Harold (Lair:2)
  6 hydras
  A death knight (D:15)
  5 centaur warriors
  2 two-headed ogres
  3 death yaks (Lair:4)
  4 sea snakes (Lair:4)
  2 wizards (D:14)
  An unseen horror (D:10)
  Pikel (D:4)
  2 deep elf archers (D:15)
  A lindwurm (Lair:3)
  2 necromancers
  4 harpies
  3 manticores
  An orc sorcerer (Orc:2)
  A faun (Shoals:1)
  An oklob plant (Lair:4)
  6 orc knights
  16 ugly things
  2 cyclopes
  4 deep elf magi
  4 elephants (Lair:4)
  3 merfolk sirens
  3 black mambas
  2 naga magi (D:15)
  2 gargoyles
  15 spiny frogs
  An ice statue (IceCv)
  2 rime drakes
  5 yaktaurs (D:15)
  3 komodo dragons
  10 freezing wraiths (IceCv)
  A redback zombie (D:15)
  A queen bee (D:11)
  A troll (Orc:2)
  A polar bear (Lair:4)
  4 merfolk
  A wind drake (Lair:4)
  A hornet (shapeshifter) (D:13)
  13 blink frogs
  9 hippogriffs
  3 tyrant leeches (Lair:6)
  A harpy skeleton (D:15)
  2 dream sheep
  3 slime creatures (Lair:5)
  2 vampires (D:13)
  3 wraiths (D:13)
  5 wyverns
  A water elemental (Lair:4)
  24 yaks
  3 hogs (D:13)
  4 basilisks
  2 hungry ghosts
  5 vampire mosquitoes
  A steam dragon (D:9)
  2 death yak simulacra (IceCv)
  4 swamp worms (D:10)
  3 nagas (Lair:2)
  4 wargs
  9 water moccasins
  Duvessa (D:7)
  8 porcupines
  19 ice beasts
  43 orc warriors
  2 slaves (D:4)
  9 ogres
  2 sky beasts
  An alligator simulacrum (IceCv)
  2 phantoms
  A necrophage (D:7)
  12 wolves
  8 crocodiles
  11 centaurs
  4 big kobolds
  17 bullfrogs
  Dowan (D:7)
  3 gnoll sergeants (D:10)
  3 scorpions
  A water moccasin skeleton (D:9)
  25 killer bees
  2 electric eels (D:8)
  5 howler monkeys
  7 crimson imps
  5 draconian simulacra (IceCv)
  3 bullfrog zombies
  6 centaur zombies
  12 hounds
  2 jellies
  2 bullfrog skeletons
  4 centaur skeletons
  2 gnoll shamans (D:10)
  18 orc priests
  14 orc wizards
  3 iguanas
  14 worker ants
  Natasha (twice) (D:2)
  2 spriggan simulacra (IceCv)
  3 troll simulacra (IceCv)
  A wolf simulacrum (IceCv)
  6 centaur simulacra
  2 hound skeletons
  A worker ant zombie (D:11)
  A howler monkey zombie (D:7)
  19 gnolls
  10 adders
  5 naga simulacra (IceCv)
  5 river rats
  A shadow imp (D:10)
  12 white imps (IceCv)
  An ooze (D:3)
  An adder zombie (D:8)
  5 adder skeletons
  2 dart slugs
  5 worms
  3 leopard geckos
  103 orcs
  2 ball pythons
  7 giant cockroaches
  8 goblins
  5 hobgoblins
  15 jackals
  26 kobolds
  5 quokkas
  19 bats
  5 frilled lizards
  A leopard gecko zombie (D:7)
  11 rats
  A fungus (Lair:4)
  3 plants
804 creatures vanquished.

Vanquished Creatures (collateral kills)
  Kirke (D:13)
  A hydra (Lair:2)
  A two-headed ogre (D:15)
  A phantasmal warrior (D:15)
  3 deep elf magi (D:15)
  An elephant (Lair:4)
  6 ugly things
  A cyclops (D:15)
  An elephant (shapeshifter) (D:13)
  A black mamba (Lair:4)
  10 spiny frogs (Lair:6)
  A naga mage (D:15)
  2 centaur skeletons
  A freezing wraith (D:15)
  A yaktaur (D:15)
  A rime drake (Lair:2)
  A tengu conjurer (D:14)
  2 tyrant leeches (Lair:6)
  A harpy skeleton (D:15)
  2 hippogriffs
  A raiju (shapeshifter) (D:14)
  9 blink frogs (Lair:6)
  3 wraiths
  A redback (shapeshifter) (D:13)
  3 yaks
  5 vampire mosquitoes (Lair:6)
  2 hungry ghosts (D:14)
  A warg (Orc:2)
  A water moccasin (Lair:6)
  A porcupine (Lair:4)
  4 orc warriors (Orc:2)
  An eye of draining (D:14)
  An ice beast (D:7)
  A centaur (D:14)
  A crocodile (Lair:5)
  13 bullfrogs
  A hornet simulacrum (D:15)
  2 crimson imps (D:15)
  An orc priest (D:13)
  An adder (D:11)
  7 orcs
  4 fungi
  20 plants (Lair:6)
123 creatures vanquished.

Vanquished Creatures (others)
  A vampire mosquito (D:14)
  A slave (D:4)
  8 fungi
  24 plants
34 creatures vanquished.

Grand Total: 961 creatures vanquished

Notes
Turn   | Place    | Note
-------+----------+-------------------------------------------
     0 | D:1      | Gergoth the Mummy Fire Elementalist began the quest for the
                  | Orb.
     0 | D:1      | Reached XP level 1. HP: 13/13 MP: 4/4
   269 | D:1      | Reached skill level 1 in Conjurations
   393 | D:1      | Reached XP level 2. HP: 15/19 MP: 1/6
  1171 | D:2      | Reached XP level 3. HP: 24/24 MP: 7/7
  1505 | D:2      | Noticed Natasha
  1509 | D:2      | Killed Natasha
  1509 | D:2      | Reached XP level 4. HP: 28/30 MP: 5/9
  1715 | D:2      | Found a white marble altar of Elyvilon.
  1715 | D:2      | Found a stormy altar of Qazlal.
  1819 | D:2      | Noticed Natasha
  1826 | D:2      | Killed Natasha
  2236 | D:2      | Reached XP level 5. HP: 32/35 MP: 4/11
  2398 | D:1      | Learned a level 3 spell: Conjure Flame
  2403 | D:1      | Learned a level 4 spell: Sticky Flame
  3955 | D:4      | Noticed a centaur
  3959 | D:4      | Killed a centaur
  3959 | D:4      | Reached skill level 5 in Spellcasting
  3959 | D:4      | Reached XP level 6. HP: 23/41 MP: 5/13
  4417 | D:4      | Noticed a slave
  4428 | D:4      | Noticed a slave
  4429 | D:4      | Noticed a slave
  4447 | D:4      | Killed a slave
  4463 | D:4      | Killed a slave
  4599 | D:4      | Noticed Pikel
  4664 | D:4      | Noticed a slave
  4679 | D:4      | Killed Pikel
  4679 | D:4      | Reached skill level 5 in Fire Magic
  4679 | D:4      | Reached XP level 7. HP: 46/46 MP: 3/17
  5133 | D:4      | Reached XP level 8. HP: 30/52 MP: 5/18
  5333 | D:5      | Entered Level 5 of the Dungeon
  5383 | D:5      | Found a sparkling altar of Nemelex Xobeh.
  5567 | D:5      | Got a faintly glowing flail
  5568 | D:5      | Identified the +8 flail of Blood {speed, +Inv +Fly Str-5
                  | Stlth-} (You found it on level 5 of the Dungeon)
  5612 | D:5      | Reached skill level 1 in Fighting
  6019 | D:6      | Found a glowing drain.
  6057 | Sewer    | Entered a sewer
  6121 | Sewer    | Learned a level 5 spell: Fireball
  6229 | Sewer    | Found a white marble altar of Elyvilon.
  6339 | D:6      | Reached skill level 1 in Shields
  6443 | D:6      | Found a shadowy altar of Dithmenos.
  6556 | D:6      | Found a transporter.
  6642 | D:6      | Found a glowing golden altar of the Shining One.
  6666 | D:6      | Found a staircase to the Ecumenical Temple.
  6671 | Temple   | Entered the Ecumenical Temple
  6734 | Temple   | Became a worshipper of Vehumet
  6850 | D:6      | Found a transporter.
  7407 | D:6      | Reached XP level 9. HP: 57/65 MP: 9/20
  7553 | D:7      | Noticed Duvessa
  7580 | D:7      | Found Vago's Magic Scroll Emporium.
  7594 | D:7      | Bought a scroll of blinking for 90 gold pieces
  7594 | D:7      | Bought 3 scrolls of identify for 72 gold pieces
  8079 | D:8      | Got a brightly glowing chain mail
  8103 | D:8      | Reached skill level 5 in Fighting
  8110 | D:8      | You fall through a shaft for 3 floors!
  8347 | D:11     | Identified the +8 chain mail of the Cicada {rCorr Dex-5
                  | Slay+3} (You found it on level 8 of the Dungeon)
  8493 | D:11     | Noticed a queen bee
  8501 | D:11     | Reached * piety under Vehumet
  8501 | D:11     | Offered knowledge of Magic Dart by Vehumet.
  8846 | D:10     | Entered Level 10 of the Dungeon
  9420 | D:9      | Reached skill level 5 in Conjurations
  9602 | D:9      | Found a basalt altar of Yredelemnul.
  9634 | D:9      | Reached XP level 10. HP: 79/81 MP: 21/21
  9815 | D:9      | Reached ** piety under Vehumet
  9815 | D:9      | Offered knowledge of Sting by Vehumet.
 10267 | D:9      | Found a snail-covered altar of Cheibriados.
 10577 | D:8      | Noticed a two-headed ogre
 10588 | D:8      | Killed a two-headed ogre
 10644 | D:8      | Found a staircase to the Lair.
 11200 | D:9      | Offered knowledge of Ignite Poison by Vehumet.
 11846 | D:10     | Reached *** piety under Vehumet
 12063 | D:9      | Reached XP level 11. HP: 32/89 MP: 17/24
 12321 | D:10     | Found Reromaiwk's Distillery.
 12370 | D:10     | Noticed an unseen horror
 12371 | D:10     | Killed an unseen horror
 12865 | D:10     | Offered knowledge of Stone Arrow by Vehumet.
 12893 | D:10     | Found a roughly hewn altar of Beogh.
 13218 | D:10     | Reached skill level 10 in Spellcasting
 13233 | D:10     | Reached **** piety under Vehumet
 13909 | D:10     | Offered knowledge of Throw Icicle by Vehumet.
 13909 | D:10     | Reached skill level 10 in Fighting
 14145 | D:11     | Learned a level 4 spell: Animate Dead
 14151 | D:11     | Learned a level 5 spell: Borgnjor's Vile Clutch
 14158 | D:11     | Learned a level 6 spell: Death Channel
 14334 | D:11     | Noticed a red ugly thing
 14358 | D:11     | Killed a red ugly thing
 14358 | D:11     | Reached skill level 1 in Necromancy
 14643 | D:11     | Found a shimmering altar of Xom.
 14645 | D:11     | Found a shadowy altar of Dithmenos.
 14645 | D:11     | Found a bloodstained altar of Trog.
 14650 | D:11     | Found a shimmering altar of Xom.
 14650 | D:11     | Found a bloodstained altar of Trog.
 14650 | D:11     | Found a shadowy altar of Dithmenos.
 14860 | Lair:1   | Entered Level 1 of the Lair of Beasts
 15276 | Lair:1   | Noticed a five-headed hydra
 15308 | Lair:1   | Identified a scroll of acquirement
 15798 | Lair:1   | Killed a five-headed hydra
 15798 | Lair:1   | Reached ***** piety under Vehumet
 15798 | Lair:1   | Offered knowledge of Bolt of Fire by Vehumet.
 16087 | Lair:1   | Reached XP level 12. HP: 46/97 MP: 9/27
 16293 | Lair:2   | Noticed Harold
 16371 | D:7      | Found an ornate altar of the Wu Jian Council.
 16494 | D:7      | Reached skill level 5 in Necromancy
 16620 | D:7      | Noticed Dowan
 16622 | D:7      | Killed Duvessa
 16624 | D:7      | Killed Dowan
 17891 | D:12     | Found a large runed translucent door.
 17891 | D:12     | Found a large runed translucent door.
 17932 | D:12     | Noticed a centaur warrior
 17942 | D:12     | Killed a centaur warrior
 18205 | D:12     | Found a large runed translucent door.
 18205 | D:12     | Found a large runed translucent door.
 18265 | D:12     | Noticed a seven-headed hydra
 18287 | D:12     | Killed a seven-headed hydra
 19346 | D:12     | Found a staircase to the Orcish Mines.
 19475 | Orc:1    | Entered Level 1 of the Orcish Mines
 19475 | Orc:1    | Found a frozen archway.
 19485 | Orc:1    | Reached skill level 10 in Necromancy
 19548 | IceCv    | Entered an ice cave
 20205 | IceCv    | Found an ancient bone altar of Kikubaaqudgha.
 20244 | IceCv    | Offered knowledge of Yara's Violent Unravelling by Vehumet.
 20272 | IceCv    | Learned a level 5 spell: Yara's Violent Unravelling
 20427 | IceCv    | Identified the ring "Vemud" {Ice *Contam rElec MR++ Str+4}
 20436 | IceCv    | Gained mutation: You are in touch with the powers of death.
                  | [Mummy growth]
 20436 | IceCv    | Reached XP level 13. HP: 83/103 MP: 16/29
 20956 | Orc:1    | Found a roughly hewn altar of Beogh.
 21330 | Orc:2    | Entered Level 2 of the Orcish Mines
 21865 | Orc:2    | Noticed lapinsky's ghost (journeyman HOFi)
 21884 | Orc:2    | Noticed Snorg
 21898 | Orc:2    | Killed Snorg
 22482 | Orc:2    | Found a runed translucent gate.
 22482 | Orc:2    | Found a runed translucent gate.
 22485 | Orc:2    | Found a runed translucent gate.
 22540 | Orc:2    | Offered knowledge of Iron Shot by Vehumet.
 22541 | Orc:2    | Found Joedwuil's Food Shoppe.
 22563 | Orc:2    | Found a roughly hewn altar of Beogh.
 22605 | Orc:2    | Reached skill level 1 in Earth Magic
 22818 | Orc:2    | Found Wicax's Jewellery Shoppe.
 22818 | Orc:2    | Found Hien's Weapon Shop.
 22870 | Orc:2    | Found a roughly hewn altar of Beogh.
 22881 | Orc:2    | Found Jusudump's Gadget Shoppe.
 22881 | Orc:2    | Found Bomoc's Antique Weapon Shop.
 22969 | Orc:2    | Found a staircase to the Elven Halls.
 23094 | Orc:2    | Bought an uncursed amulet of regeneration for 540 gold
                  | pieces
 23690 | Lair:2   | Killed Harold
 23892 | Lair:2   | Reached skill level 1 in Armour
 24228 | Lair:2   | Identified the +4 rapier of Patience {freeze, *Noise rC+
                  | MP+9 Dex+4}
 24344 | Lair:2   | Found a staircase to the Snake Pit.
 24800 | Lair:3   | Found a dark tunnel.
 25341 | Lair:4   | Reached skill level 5 in Earth Magic
 25346 | Lair:4   | Reached XP level 14. HP: 47/110 MP: 7/30
 26242 | Lair:4   | Offered knowledge of Spellforged Servitor by Vehumet.
 26254 | Lair:4   | Found a staircase to the Shoals.
 26672 | Lair:5   | Reached skill level 5 in Dodging
 26728 | Lair:5   | Found a staircase to the Slime Pits.
 27471 | Lair:5   | Reached skill level 5 in Armour
 27661 | Lair:6   | Entered Level 6 of the Lair of Beasts
 28889 | D:13     | Noticed Frances
 29009 | D:13     | Noticed Josephine
 29081 | D:13     | Killed Josephine
 29298 | D:13     | Noticed Kirke
 29331 | D:13     | Killed Kirke
 29455 | D:13     | Found a gate to the Vaults.
 29753 | D:14     | Offered knowledge of Orb of Destruction by Vehumet.
 29895 | D:14     | Reached XP level 15. HP: 115/115 MP: 18/31
 29933 | D:14     | Found Tyfuwyh's Antique Weapon Shoppe.
 30237 | D:15     | Entered Level 15 of the Dungeon
 30376 | D:15     | Reached ****** piety under Vehumet
 30526 | D:15     | Offered knowledge of Conjure Ball Lightning by Vehumet.
 30827 | D:15     | Found a portal to a secret trove of treasure.
 31049 | D:15     | Found a staircase to the Depths.
 31473 | Shoals:1 | Entered Level 1 of the Shoals
 31991 | Shoals:1 | Identified the cursed +0 hand crossbow of the Beginning
                  | {velocity, Int+2}
 32297 | Lair:4   | Mangled by a merfolk impaler

Skill      XL: |  1  2  3  4  5  6  7  8  9 10 11 12 13 14 15 |
---------------+----------------------------------------------+-----
Conjurations   | 1 2 4 5 6 7 8 |  8.0
Spellcasting   | 3 4 5 6 7 9 11 12 | 12.0
Fire Magic     | 3 5 6 7 8 |  8.0
Fighting       | 4 8 9 10 | 10.0
Shields        | 2 4 |  4.0
Necromancy     | 4 11 12 | 12.0
Earth Magic    | 5 7 8 |  8.0
Dodging        | 4 7 9 |  9.0
Armour         | 3 6 8 |  8.7
Stealth        | |  1.5

Action                   |  1- 3 |  4- 6 |  7- 9 | 10-12 | 13-15 || total
-------------------------+-------+-------+-------+-------+-------++-------
Melee: Whip              |    17 |       |       |       |       ||    17
       Flail             |       |       |    74 |   505 |   120 ||   699
       Rapier            |       |       |       |       |   375 ||   375
 Fire: Hunting sling     |    39 |   118 |    38 |       |       ||   195
 Cast: Flame Tongue      |    34 |   105 |   161 |   147 |   167 ||   614
       Conjure Flame     |       |     5 |     6 |     4 |     2 ||    17
       Sticky Flame      |       |     3 |    39 |   100 |   112 ||   254
       Fireball          |       |       |     2 |    87 |   112 ||   201
       Animate Dead      |       |       |       |    12 |    27 ||    39
       Borgnjor's Vile C |       |       |       |       |    73 ||    73
       Death Channel     |       |       |       |       |    19 ||    19
Evoke: Wand              |       |     6 |     3 |     5 |     3 ||    17
  Use: Scroll            |       |     4 |     6 |    10 |     8 ||    28
 Stab: Distracted        |       |       |       |     1 |     5 ||     6
       Sleeping          |       |       |       |       |     3 ||     3
Armor: Robe              |    24 |    15 |    34 |   176 |   211 ||   460
       Troll leather arm |       |       |       |       |    27 ||    27
Dodge: Dodged            |    44 |    52 |   128 |   319 |   590 ||  1133
Block: Buckler           |       |       |    15 |   123 |   211 ||   349
